 Dungeon Crawl Stone Soup version 0.29.0-4-gdea44cf6ec (webtiles) character file.

Game seed: 5988373240170248060

325 qw the Chopper (level 6, -3/35 HPs)
             Began as a Tengu Warper on Aug 28, 2022.
             Slain by a gnoll
             ... wielding a +0 scythe
              (6 damage)
             ... on level 4 of the Dungeon.
             The game lasted 00:00:27 (3883 turns).

qw the Chopper (Tengu Warper)                       Turns: 3883, Time: 00:00:27

Health: -3/35      AC:  8    Str: 14    XL:     6   Next: 48%
Magic:  10/10      EV:  7    Int: 13    God:
Gold:   101        SH:  0    Dex: 13    Spells: 9/9 levels left

rFire   + . .      SeeInvis .   Y - +0 hand axe
rCold   + . .      Faith    .   (no shield)
rNeg    . . .      Spirit   .   i - +0 chain mail
rPois   .          Reflect  .   (helmet restricted)
rElec   .          Harm     .   n - scarf {rC+ rF+}
rCorr   .          Rampage  .   (no gloves)
Will    .....                   (boots unavailable)
Stlth   ..........              m - amulet of regeneration
HPRegen 0.91/turn               (no ring)
MPRegen 0.12/turn               (no ring)

@: flying quickly and evasively, quick
A: beak, talons 3, nimble flight, sense surroundings 1
a: no special abilities


You were on level 4 of the Dungeon.
You visited 2 branches of the dungeon, and saw 5 of its levels.

You collected 245 gold pieces.
You spent 144 gold pieces at shops.


Innate Abilities, Weirdness & Mutations

You have a beak for a mouth.
You have claws for feet.
Your magical nature lets you fly swiftly and evasively.
You passively map a small area around you.


   Skills:
 + Level 2.1 Fighting
 - Level 7.0 Axes
 - Level 1.0 Throwing
 - Level 2.0 Armour
 - Level 2.1 Dodging
 - Level 2.0 Spellcasting
 - Level 2.4 Translocations


You had 9 spell levels left.
You didn't know any spells.
Your spell library contained the following spells:

 Spells                   Type           Power      Damage    Failure   Level
 Blink                    Tloc           14%        N/A       98%         2
 Gell's Gravitas          Tloc           7%         N/A       100%        3
 Lesser Beckoning         Tloc           7%         N/A       100%        3
 Teleport Other           Tloc           7%         N/A       100%        3
 Manifold Assault         Tloc           7%         N/A       100%        5

Inventory:

Hand Weapons
 f - a +0 flail
 Y - a +0 hand axe (weapon)
Armour
 i - a +0 chain mail (worn)
 n - a scarf of resistance (worn)
Jewellery
 a - a ring of ice
 m - an amulet of regeneration (around neck)
Scrolls
 c - 2 scrolls of identify
 j - a scroll of enchant armour {unknown}
 k - a scroll of amnesia {unknown}
Potions
 b - a potion of mutation
 d - 7 potions of curing
 e - a potion of might
 g - a potion of cancellation
 h - a potion of resistance
 o - 2 potions of ambrosia {unknown}
 p - a potion of lignification {unknown}

Dungeon Overview and Level Annotations

Branches:
Dungeon (4/15)             Temple (1/1) D:4

Altars:
Cheibriados
Dithmenos
Elyvilon
Fedhas
Gozag
Nemelex Xobeh
Qazlal
Ru
Sif Muna
Trog
Vehumet
Zin

Shops:
D:1 [   D:3 *


Message History

You feel sick.
You start resting.
You feel sick. x4
You are no longer poisoned.
An orc is nearby!
3826 ||| FLEEEEING.
You start resting.
HP restored.
Items here: % )) [.
Things that are here:
a +0 club; a +0 hand axe; an orc corpse You see here 4 large rocks.
The orc shouts!
You hit the orc but do no damage. Your peck misses the orc.
The orc barely misses you.
You closely miss the orc. Your peck misses the orc.
The orc hits you but does no damage.
You hit the orc but do no damage. You claw the orc, but do no damage.
The orc hits you but does no damage.
You barely miss the orc. You peck the orc, but do no damage.
The orc hits you but does no damage.
You hit the orc. You claw the orc.
You kill the orc!
Things that are here:
a +0 club; a +0 chain mail; an orc corpse You reach down and open the door. 4 gnolls come into view.
The gnoll shouts! x4
The gnoll hits you from afar with a +0 scythe.
The gnoll hits you from afar with a +0 scythe!
There is an open door here.
You closely miss the gnoll. You hit the gnoll. x2
The gnoll hits you with a +0 scythe. The gnoll barely misses you.
The gnoll hits you with a +0 scythe!
The gnoll hits you from afar with a +0 scythe.
You barely miss the gnoll.
The gnoll is moderately wounded.
You hit the gnoll but do no damage. You hit the gnoll.
The gnoll hits you with a +0 scythe. x2
You die...

...[#.......<..#.#
#.#
.##............#.#
#.#
.######..#.......#
#.# ...#
#<.##.##.#.# #.#
.#.# #........#.##
#.#
##.####)###....##.#
#.#
......#.#.......>.#
#.#
##.##.#.#.####....#
#.#
#.##.#.#.#..)##@##
#.#
#.##.#.#.#.###ggg#
#.#
#....#.......#.g.#
#.#
##..#.....#.#######
#.# ###
...o).#...+.# #.#
#.# ....###...###
#[####.# ....*
#...# #......#
....* #...#
######.### ....
..... #...#


You could see 4 gnolls.

Vanquished Creatures
  A necrophage (D:4)
  2 hounds (D:4)
  An orc wizard (D:4)
  3 gnolls (D:4)
  4 adders
  2 worms
  5 dart slugs
  9 orcs
  11 ball pythons
  6 bats
  5 endoplasms
  3 giant cockroaches
  7 hobgoblins
  6 jackals
  2 quokkas (D:3)
  3 frilled lizards
  5 goblins
  7 kobolds
  12 rats
94 creatures vanquished.

Notes
Turn   | Place    | Note
-------+----------+-------------------------------------------
     0 | D:1      | qw the Tengu Warper began the quest for the Orb.
     0 | D:1      | Reached XP level 1. HP: 12/12 MP: 4/4
     0 | D:1      | 0 ||| qw: Version: 0.1-a-89-g26bdef1
     0 | D:1      | 0 ||| qw: Game counter: 2655
     0 | D:1      | 0 ||| qw: Always use a shield: true
     0 | D:1      | 0 ||| qw: God list: Okawaru
     0 | D:1      | 0 ||| qw: Allow faded altars: false
     0 | D:1      | 0 ||| qw: Do Orc after D:15 true
     0 | D:1      | 0 ||| qw: Do second Lair branch before Depths: true
     0 | D:1      | 0 ||| qw: Lair rune preference: random
     0 | D:1      | 0 ||| qw: Plans: Normal
     0 | D:1      | 0 ||| PLANNING D:1-11
   233 | D:1      | 233 ||| Stepping ~*~*~tactically~*~*~ (stealth).
   236 | D:1      | 236 ||| Stepping ~*~*~tactically~*~*~ (stealth).
   238 | D:1      | 238 ||| Stepping ~*~*~tactically~*~*~ (stealth).
   334 | D:1      | Reached XP level 2. HP: 17/17 MP: 6/6
   350 | D:1      | Reached skill level 3 in Axes
   526 | D:1      | Found Qucuduh's Antique Armour Shoppe.
   532 | D:1      | 532 ||| SHOPLISTING glowing scarf (248 gold, have 37).
   532 | D:1      | 532 ||| SHOPLISTING jewelled ring mail (279 gold, have 37).
   532 | D:1      | 532 ||| SHOPLISTING plate armour (713 gold, have 37).
   532 | D:1      | 532 ||| SHOPLISTING runed ring mail (217 gold, have 37).
   532 | D:1      | 532 ||| SHOPLISTING runed scale mail (217 gold, have 37).
   532 | D:1      | 532 ||| SHOPLISTING shiny plate armour (806 gold, have 37).
   901 | D:1      | 901 ||| READING scroll labelled JUPOSO WANUIMA.
   902 | D:1      | 902 ||| READING scroll labelled KULAODIBUI.
   903 | D:1      | 903 ||| READING scroll labelled DALLOM GAIVVU.
   904 | D:1      | 904 ||| READING scroll labelled IRGHEB NOICARYIV.
   905 | D:1      | 905 ||| READING scroll labelled CATIKHL MOAMN.
  1006 | D:1      | 1006 ||| DROPPING scroll of blinking.
  1107 | D:2      | Found a faded altar of an unknown god.
  1124 | D:2      | Reached XP level 3. HP: 21/21 MP: 7/7
  1299 | D:2      | Reached skill level 4 in Axes
  1406 | D:2      | HP: 5/21 [poisoned by an adder]
  1409 | D:2      | HP: 2/21 [poisoned by an adder]
  1963 | D:2      | 1963 ||| UPGRADING to +0 ring mail.
  1973 | D:2      | 1973 ||| DROPPING +0 leather armour.
  1974 | D:2      | 1974 ||| READING scroll labelled VIOCUC MEDWOANT.
  1975 | D:2      | 1975 ||| READING scroll labelled TUEKHUDESA.
  1976 | D:2      | 1976 ||| READING scroll labelled ZOUSYO UQAAT.
  1979 | D:2      | 1979 ||| DRINKING 7 fizzy clear potions.
  2004 | D:3      | Reached XP level 4. HP: 26/26 MP: 8/8
  2008 | D:3      | 2008 ||| FLEEEEING.
  2009 | D:3      | 2009 ||| FLEEEEING.
  2010 | D:3      | 2010 ||| FLEEEEING.
  2011 | D:3      | 2011 ||| STAIRDANCE
  2039 | D:3      | 2039 ||| STAIRDANCE
  2090 | D:3      | Found a white marble altar of Elyvilon.
  2173 | D:3      | 2173 ||| Stepping ~*~*~tactically~*~*~ (stealth).
  2242 | D:3      | Reached skill level 5 in Axes
  2270 | D:3      | Found Fowidu's General Store.
  2280 | D:3      | 2280 ||| BUYING 2 scrolls of identify (48 gold).
  2280 | D:3      | Bought 2 scrolls of identify for 48 gold pieces
  2280 | D:3      | 2280 ||| BUYING potion of cancellation (96 gold).
  2280 | D:3      | Bought a potion of cancellation for 96 gold pieces
  2280 | D:3      | 2280 ||| SHOPLISTING potion of might (48 gold, have 2).
  2552 | D:3      | 2552 ||| Stepping ~*~*~tactically~*~*~ (stealth).
  2870 | D:3      | 2870 ||| UPGRADING to scarf of resistance.
  2875 | D:3      | 2875 ||| UPGRADING to amulet of regeneration.
  2880 | D:3      | 2880 ||| DROPPING ring of magical power.
  2881 | D:3      | 2881 ||| DRINKING 2 glowing orange potions.
  2881 | D:3      | Gained mutation: You passively map a small area around you.
                  | [potion of mutation]
  2882 | D:3      | 2882 ||| DRINKING 2 purple potions.
  2883 | D:3      | 2883 ||| READING 5 scrolls of identify.
  2883 | D:3      | 2883 ||| IDENTIFYING sapphire potion
  2884 | D:3      | 2884 ||| READING 4 scrolls of identify.
  2884 | D:3      | 2884 ||| IDENTIFYING viscous inky potion
  2885 | D:3      | 2885 ||| READING 3 scrolls of identify.
  2885 | D:3      | 2885 ||| IDENTIFYING emerald potion
  2886 | D:3      | 2886 ||| DROPPING potion of attraction.
  2926 | D:4      | 2926 ||| PLANNING SEWER
  3092 | D:4      | 3092 ||| Stepping ~*~*~tactically~*~*~ (stealth).
  3097 | D:4      | 3097 ||| Stepping ~*~*~tactically~*~*~ (stealth).
  3108 | D:4      | Gained mutation: Your magical nature lets you fly swiftly
                  | and evasively. [Tengu growth]
  3108 | D:4      | Reached XP level 5. HP: 21/30 MP: 9/9
  3127 | D:4      | 3127 ||| DROPPING +0 whip.
  3155 | D:4      | 3155 ||| Stepping ~*~*~tactically~*~*~ (hiding).
  3172 | D:4      | 3172 ||| FLEEEEING.
  3173 | D:4      | 3173 ||| FLEEEEING.
  3174 | D:4      | 3174 ||| FLEEEEING.
  3179 | D:4      | 3179 ||| FLEEEEING.
  3180 | D:4      | 3180 ||| FLEEEEING.
  3181 | D:4      | 3181 ||| FLEEEEING.
  3182 | D:4      | 3182 ||| FLEEEEING.
  3183 | D:4      | 3183 ||| FLEEEEING.
  3187 | D:4      | Reached skill level 6 in Axes
  3197 | D:4      | Found a staircase to the Ecumenical Temple.
  3198 | D:4      | 3198 ||| PLANNING TEMPLE
  3198 | D:4      | 3198 ||| UPGRADING to +0 chain mail.
  3208 | D:4      | 3208 ||| DROPPING +0 ring mail.
  3240 | D:4      | 3240 ||| Stepping ~*~*~tactically~*~*~ (stealth).
  3259 | Temple   | Entered the Ecumenical Temple
  3433 | Temple   | 3433 ||| PLANNING SEWER
  3553 | D:4      | Reached XP level 6. HP: 27/35 MP: 10/10
  3585 | D:4      | Found a stormy altar of Qazlal.
  3656 | D:4      | Reached skill level 7 in Axes
  3689 | D:4      | Found a glowing silver altar of Zin.
  3699 | D:4      | 3699 ||| RIP SEWER
  3729 | D:4      | 3729 ||| PLANNING D:1-11
  3786 | D:4      | 3786 ||| Stepping ~*~*~tactically~*~*~ (stealth).
  3807 | D:4      | HP: 8/35 [orc/+0 club (1)]
  3808 | D:4      | 3808 ||| DRINKING potion of heal wounds.
  3826 | D:4      | 3826 ||| FLEEEEING.
  3882 | D:4      | HP: 4/35 [gnoll/+0 scythe (6)]
  3883 | D:4      | Slain by a gnoll

Levels and vault maps discovered:
D:1:      nicolae_arrival_memento_mori, layout_loops_ring, serial_shops, shop,
          serial_forest, infiniplex_forest_lined_room_2,
          infiniplex_forest_lined_2, infiniplex_forest_lined_4_way,
          infiniplex_forest_lined_1, infiniplex_forest_lined_3_way,
          infiniplex_forest_straight_4
D:2:      layout_rooms, hellmonk_ecumenical_altar_run_dry
D:3:      layout_basic, mainiacjoe_overflow_small_starburst, serial_shops, shop,
          minmay_fractal_squares_5
D:4:      layout_basic, grunt_qazlal_sundering, amcnicky_altar_gilded,
          kennysheep_okawaru_gauntlet, minmay_temple_entry_large_hall,
          lightli_sewer_entry_pipes, sigmund_army
Temple:   grunt_temple_mini_profane

Skill      XL: |  1  2  3  4  5  6 |
---------------+-------------------+-----
Axes           | 3 4 5 6 7 |  7.0
Armour         | 2 |  2.0
Fighting       | |  2.1
Throwing       | |  1.0
Dodging        | |  2.1
Spellcasting   | |  2.0
Translocations | |  2.4

Action                   |  1- 3 |  4- 6 || total
-------------------------+-------+-------++-------
Melee: Hand axe          |    77 |   180 ||   257
       Kick              |    18 |    51 ||    69
       Peck              |     7 |    21 ||    28
       Punch             |     1 |     3 ||     4
Throw: Boomerang         |     7 |       ||     7
  Use: Scroll            |     8 |     3 ||    11
       Potion            |     1 |     3 ||     4
Armor: Leather armour    |    18 |       ||    18
       Ring mail         |     1 |    17 ||    18
       Chain mail        |       |    42 ||    42
Dodge: Dodged            |    41 |    61 ||   102

Table legend:
 A = Non-vault XP
 B = Vault XP
 C = Vault XP percentage of total XP
 D = Non-vault monster count
 E = Vault monster count
 F = Vault count percentage of total count
                 A         B        C        D         E       F
            +---------+---------+-------+---------+---------+-------
      Total |     443 |      22 |   4.7 |      85 |       9 |   9.6
            +---------+---------+-------+---------+---------+-------
        D:1 |      28 |       0 |   0.0 |      19 |       0 |   0.0
        D:2 |      52 |       3 |   5.5 |      20 |       1 |   4.8
        D:3 |      33 |      14 |  29.8 |      19 |       7 |  26.9
        D:4 |     330 |       5 |   1.5 |      27 |       1 |   3.6
            +---------+---------+-------+---------+---------+-------
